 Dungeon Crawl Stone Soup version 0.28-a0-1241-gf280a0fbb2 (webtiles) character file.

Game seed: 16002628039753942567

429788 GordonOverkill the Hoplite (level 22, -4/217 HPs)
             Began as a Minotaur Cinder Acolyte on Dec 26, 2021.
             Was an Initiate of Ignis.
             Splashed with acid (15 damage)
             ... on level 4 of the Pits of Slime.
             The game lasted 02:49:19 (94228 turns).

GordonOverkill the Hoplite (MiCA)                  Turns: 94228, Time: 02:49:20

Health: -4/217     AC: 29    Str: 25    XL:     22   Next: 81%
Magic:  4/17       EV:  8    Int: 15    God:    Ignis [......]
Gold:   1488       SH: 31    Dex: 11    Spells: 23/23 levels left

rFire   + + +      SeeInvis .   a - +8 broad axe (drain)
rCold   + + +      Faith    .   M - +3 tower shield
rNeg    . . .      Spirit   .   z - +0 gold dragon scales
rPois   +          Reflect  +   (helmet restricted)
rElec   +          Harm     .   T - +2 cloak
rCorr   +          Rampage  .   c - +2 pair of gloves {hurl}
Will    +....      Rnd*Tele +   B - +0 pair of boots
Stlth   ..........              Q - amulet "Tolag" {Reflect rC++ SH+5}
HPRegen 0.46/turn               t - ring "Hoafeny" {rElec rF+ Int+6}
MPRegen 0.15/turn               l - ring of resist corrosion

@: no status effects
A: horns 2, retaliatory headbutt, dopey 1, low mp 2, teleportitis 1
}: 2/15 runes: decaying, serpentine
a: Renounce Religion, Rising Flame


You were on level 4 of the Pits of Slime.
You worshipped Ignis.
Ignis was noncommittal.
You visited 8 branches of the dungeon, and saw 45 of its levels.
You also visited: Bailey.

You collected 5767 gold pieces.
You spent 4279 gold pieces at shops.

Inventory:

Hand Weapons
 a - a +8 broad axe of draining (weapon)
 b - a +3 broad axe of electrocution
 X - a +2 war axe of flaming
Missiles
 p - 19 boomerangs (quivered)
 u - 113 poisoned darts
Armour
 c - a +2 pair of gloves of hurling (worn)
 z - +0 gold dragon scales (worn)
 B - a +0 pair of boots (worn)
 M - a +3 tower shield (worn)
 T - a +2 cloak (worn)
Jewellery
 l - a ring of resist corrosion (right hand)
 t - the ring "Hoafeny" (left hand) {rElec rF+ Int+6}
   (You acquired it on level 1 of the Snake Pit)

   [ring of intelligence]

   Int:       It affects your intelligence (+6).
   rF:        It protects you from fire.
   rElec:     It insulates you from electricity.
 v - a ring of see invisible
 Q - the amulet "Tolag" (around neck) {Reflect rC++ SH+5}
   (You bought it in a shop on level 2 of the Orcish Mines)

   [amulet of reflection]

   It reflects blocked missile attacks.
   rC:        It greatly protects you from cold.
   SH:        It affects your SH (+5).
Wands
 e - a wand of paralysis (34)
 h - a wand of flame (70)
 i - a wand of iceblast (8)
 q - a wand of digging (10)
 F - a wand of mindburst (15)
 W - a wand of acid (1)
 Y - a wand of charming (2)
 Z - a wand of polymorph (6)
Scrolls
 f - 18 scrolls of teleportation
 j - 6 scrolls of holy word
 n - 8 scrolls of immolation
 x - 7 scrolls of vulnerability
 y - 3 scrolls of amnesia
 C - 22 scrolls of identify
 G - 12 scrolls of fear
 J - 2 scrolls of silence
 K - 3 scrolls of fog
 L - 2 scrolls of magic mapping
 U - 4 scrolls of blinking
Potions
 d - 2 potions of magic
 g - 3 potions of heal wounds
 k - a potion of berserk rage
 m - 7 potions of lignification
 o - a potion of cancellation
 r - a potion of haste
 s - 12 potions of curing
 w - 7 potions of might
 A - a potion of resistance
 D - 2 potions of ambrosia
 N - 6 potions of mutation
 O - 5 potions of flight
Miscellaneous
 H - a lightning rod (4/4)
 I - a condenser vane
 R - a phantom mirror (inert)
 S - a phial of floods


   Skills:
 + Level 22.5 Fighting
 - Level 18.0 Axes
 - Level 2.0 Throwing
 - Level 15.0 Armour
 - Level 10.0 Dodging
 - Level 25.0 Shields
 - Level 1.0 Spellcasting
 - Level 2.1 Fire Magic
 + Level 21.5 Evocations


You had 23 spell levels left.
You didn't know any spells.
Your spell library contained the following spells:

 Spells                   Type           Power      Damage    Failure   Level
 Scorch                   Fire           14%        2d6       98%         2
 Animate Skeleton         Necr           0%         N/A       99%         1
 Freeze                   Ice            0%         1d3       99%         1
 Pain                     Necr           0%         1d4       99%         1
 Sandblast                Erth           0%         2d4       99%         1
 Summon Small Mammal      Summ           0%         N/A       99%         1
 Passwall                 Tmut/Erth      0%         N/A       100%        2
 Searing Ray              Conj           0%         2d4       100%        2
 Call Canine Familiar     Summ           0%         N/A       100%        3
 Confusing Touch          Hex            0%         N/A       100%        3
 Conjure Flame            Conj/Fire      4%         6-21      100%        3
 Dazzling Flash           Conj/Hex       0%         N/A       100%        3
 Frozen Ramparts          Ice            0%         1d2       100%        3
 Gell's Gravitas          Tloc           0%         N/A       100%        3
 Ignite Poison            Fire/Tmut/Pois 2%         N/A       100%        3
 Lesser Beckoning         Tloc           0%         N/A       100%        3
 Portal Projectile        Hex/Tloc       0%         N/A       100%        3
 Stone Arrow              Conj/Erth      0%         3d7       100%        3
 Summon Guardian Golem    Hex/Summ       0%         N/A       100%        3
 Swiftness                Air            0%         N/A       100%        3
 Teleport Other           Tloc           0%         N/A       100%        3
 Vampiric Draining        Necr           0%         2d6       100%        3
 Animate Armour           Summ/Erth      0%         N/A       100%        4
 Cause Fear               Hex            0%         N/A       100%        4
 Flame Wave               Conj/Fire      4%         2d4       100%        4
 Hailstorm                Conj/Ice       0%         3d3       100%        4
 Iskenderun's Mystic Bla  Conj/Tloc      0%         2d3       100%        4
 Leda's Liquefaction      Hex/Erth       0%         N/A       100%        4
 Petrify                  Tmut/Erth      0%         N/A       100%        4
 Sticky Flame             Conj/Fire      4%         2d3       100%        4
 Summon Ice Beast         Ice/Summ       0%         N/A       100%        4
 Blade Hands              Tmut           0%         N/A       100%        5
 Borgnjor's Vile Clutch   Necr/Erth      0%         N/A       100%        5
 Excruciating Wounds      Necr           0%         N/A       100%        5
 Fireball                 Conj/Fire      2%         3d4       100%        5
 Freezing Cloud           Conj/Ice/Air   0%         6-21      100%        5
 Iskenderun's Battlesphe  Conj           0%         2d6       100%        5
 Silence                  Hex/Air        0%         N/A       100%        5
 Summon Forest            Summ/Tloc      0%         N/A       100%        5
 Summon Mana Viper        Hex/Summ       0%         N/A       100%        5
 Yara's Violent Unravell  Hex/Tmut       0%         3d3       100%        5
 Conjure Ball Lightning   Conj/Air       0%         3x3d6     100%        6
 Iron Shot                Conj/Erth      0%         9d1       100%        6
 Starburst                Conj/Fire      2%         6d3       100%        6
 Summon Cactus Giant      Summ           0%         N/A       100%        6
 Dragon Form              Tmut           0%         N/A       100%        7
 Enfeeble                 Hex            0%         N/A       100%        7
 Monstrous Menagerie      Summ           0%         N/A       100%        7
 Orb of Destruction       Conj           0%         N/A       100%        7
 Discord                  Hex            0%         N/A       100%        8
 Chain Lightning          Conj/Air       0%         N/A       100%        9
 Dragon's Call            Summ           0%         N/A       100%        9


Dungeon Overview and Level Annotations

Branches:
Dungeon (15/15)            Temple (0/1) D:7            Lair (6/6) D:9
  Swamp (4/4) Lair:3        Snake (4/4) Lair:3        Slime (5/5) Lair:5
    Orc (2/2) D:12            Elf (0/3) Orc:2        Vaults (5/5) D:14
  Crypt (0/3) Vaults:3     Depths (4/4) D:15            Zot (0/5) Depths:4
 Bailey (visited)

Altars:
Ashenzari
Elyvilon
Makhleb
Okawaru
Qazlal
Ru
Trog
Wu Jian
Xom
Yredelemnul
Zin
Beogh
Jiyva

Shops:
D:1 (   D:2 [   Orc:2 (*[(!*=   Snake:1 =?**   Vaults:2 ((([   Vaults:4 *

Portals:
Hell: Depths:1 Depths:2 Depths:3 Depths:4
Abyss: Depths:3
Pandemonium: Depths:2
Ziggurat: Depths:4

Annotations:
D:13 exclusions: obsidian statue and orange crystal statue


Innate Abilities, Weirdness & Mutations

You have a pair of horns on your head.
You reflexively headbutt those who attack you in melee.
You are dopey. (Int -2)
Your magical capacity is very low. (-20% MP)
You are occasionally teleported next to monsters.


Message History

The slime creature hits you but does no damage.
Two slime creatures merge to form a very large slime creature.
Blink to where?
Press: ? - help, Dir - move target
As you read the scroll of blinking, it crumbles to dust.
You start resting.
There are monsters nearby!
Okay, then.
Unknown command.
Okay, then.
Unknown command.
Unknown command.
Unknown command.
As you read the scroll of teleportation, it crumbles to dust.
You feel strangely unstable.
Unknown command.
Aiming: Throw Flame
Press: ? - help, Shift-Dir - straight line, f - azure jelly
Aim: an azure jelly (lightly wounded, 78% to hit)
The puff of flame hits the azure jelly.
The azure jelly is burned terribly!
The azure jelly is lightly wounded.
Aiming: Throw Flame
Press: ? - help, Shift-Dir - straight line, f/p - azure jelly
Aim: an azure jelly (lightly wounded, 78% to hit)
The puff of flame hits the azure jelly!
The azure jelly is burned terribly!
The azure jelly is moderately wounded.
Aiming: Throw Flame
Press: ? - help, Shift-Dir - straight line, f/p - azure jelly
Aim: an azure jelly (moderately wounded, 78% to hit)
The puff of flame hits the azure jelly!
The azure jelly is burned terribly!
The azure jelly is heavily wounded.
Your surroundings suddenly seem different.
You are splashed with acid.
* * * LOW HITPOINT WARNING * * *
The slime creature quivers.
You are splashed with acid!!
* * * LOW HITPOINT WARNING * * *
The large slime creature quivers.
You are splashed with acid!
You die...

...#.#.###.##.#.##
#.......#..#....#.#
.....#.............
.....##...........## ##
......#.........##.##.##
................#......##
...............###......#
..J.JJ.....J....##..##.##
....J......J....@...##
.........J....J.##...#
.......>..#......#..##
##..................#
#.................##
...........##....##
............#.....#
......#.....#.##
.....#.....###


You could see a large slime creature and 3 slime creatures.

Vanquished Creatures
  Dissolution (Slime:4)
  Mara (Depths:2)
  2 juggernauts
  Frederick (Vaults:2)
  5 golden dragons
  Nikola (Vaults:1)
  A bone dragon (Depths:4)
  Jory (Vaults:3)
  A hellephant (Vaults:2)
  2 tentacled monstrosities
  A walking earthen tome (Depths:2)
  5 liches
  A quicksilver dragon (shapeshifter) (Depths:2)
  The ghost of wpisznazwe the Bludgeoner, an adept TrGl of Jiyva (Swamp:4)
  Mlioglotl (Swamp:1)
  3 titans
  6 acid blobs
  3 shadow dragons
  A thorn hunter (Swamp:4)
  3 tengu reavers
  4 sphinxes
  2 fenstrider witches
  A revenant (Vaults:3)
  3 storm dragons (Depths:4)
  8 fire giants
  9 frost giants
  4 nagarajas
  Aizul (Snake:2)
  2 rockslimes (Slime:2)
  An iron dragon (Depths:2)
  12 ironbound preservers
  The ghost of HessuHobo the Fencer, an adept GrFi of Okawaru (Swamp:3)
  10 vault wardens
  A curse skull (Vaults:2)
  3 draconian annihilators
  2 spriggan defenders (Depths:3)
  A war gargoyle (Vaults:2)
  A quicksilver ooze (Slime:4)
  4 ironbound thunderhulks
  16 very ugly things
  5 vampire knights
  17 stone giants
  2 yellow draconians (Depths:4)
  A green draconian (Depths:4)
  4 eleionomae
  The ghost of Sunluic the Spear-Bearer, a journeyman DgFi (D:15)
  14 dire elephants
  3 bunyips
  A purple draconian (Depths:4)
  Azrael (D:13)
  4 spark wasps
  12 ettins
  Snorg (D:11)
  5 great orbs of eyes
  A jiangshi (Vaults:3)
  10 fire dragons
  A merfolk javelineer (Depths:1)
  A shambling mangrove (Swamp:4)
  12 yaktaur captains
  20 naga warriors
  2 hell beasts (Depths:2)
  Harold (D:10)
  16 vault guards
  Erolcha (Orc:2)
  17 hydras
  A ghost crab (Swamp:1)
  14 anacondas
  An ogre mage (D:15)
  5 salamander tyrants
  Fannar (D:12)
  16 centaur warriors
  2 rakshasas (Depths:2)
  3 spriggan air magi
  4 boulder beetles
  9 ice dragons
  A death knight (Vaults:3)
  4 catoblepae
  5 ironbound frosthearts
  10 two-headed ogres
  11 deep troll shamans
  12 death yaks
  12 deep troll earth magi
  5 alligators
  9 tengu warriors
  7 naga sharpshooters
  4 spriggan berserkers
  33 hell knights
  7 orc high priests (Orc:2)
  A soul eater (Depths:2)
  7 shock serpents
  A deep elf knight (Snake:2)
  3 goliath frogs
  9 iron trolls
  A spectral bunyip (Swamp:4)
  2 flayed ghosts
  10 salamander mystics
  55 deep trolls
  A phantasmal warrior (Vaults:5)
  8 glowing orange brains
  9 swamp dragons
  2 spriggan druids (Swamp:3)
  3 harpies (Vaults:3)
  A quicksilver dragon simulacrum (Depths:2)
  8 wizards
  3 bog bodies
  2 deep elf archers
  5 lindwurms
  Pikel (D:7)
  10 ironbound convokers
  7 naga ritualists
  5 necromancers
  5 orc knights
  A deep elf pyromancer (D:12)
  25 ugly things
  6 spectral spriggans
  A mana viper (shapeshifter) (Depths:2)
  2 orc sorcerers
  3 will-o-the-wisps
  A manticore (shapeshifter) (D:14)
  2 shining eyes
  12 mana vipers
  7 manticores
  6 cyclopes
  17 salamanders
  An ice statue (D:15)
  40 black mambas
  11 guardian serpents
  18 naga magi
  Joseph (D:10)
  A fire giant skeleton (Vaults:2)
  7 elephants
  7 vault sentinels
  12 cane toads
  A torpor snail (shapeshifter) (Depths:2)
  2 torpor snails
  36 yaktaurs
  9 komodo dragons
  A hellion (Vaults:2)
  2 rime drakes
  Maggie (D:7)
  A freezing wraith (Vaults:5)
  6 tengu conjurers
  2 kobold demonologists
  A human skeleton (Vaults:2)
  A jumping spider (shapeshifter) (Depths:2)
  7 trolls
  3 spectral death drakes
  A queen bee (D:8)
  A merfolk (D:9)
  Prince Ribbit (D:9)
  6 tyrant leeches
  4 polar bears
  12 hornets
  69 slime creatures
  9 dream sheep
  A raiju (Snake:2)
  11 blink frogs
  An ettin zombie (Vaults:2)
  3 redbacks (Vaults:3)
  13 spriggans
  A tarantella (shapeshifter) (D:15)
  10 water elementals
  2 wraiths
  A yak (shapeshifter) (D:15)
  2 shadows
  A centaur simulacrum (D:10)
  2 wyverns
  69 yaks
  2 basilisks (Lair:1)
  2 golden eyes (Slime:4)
  A basilisk (shapeshifter) (Depths:2)
  A fire elemental (D:13)
  A steam dragon (D:8)
  11 vampire mosquitoes
  7 wargs (Orc:2)
  A death drake simulacrum (Swamp:3)
  17 swamp worms
  4 acid dragons
  28 water moccasins
  56 nagas
  5 hell hounds (D:13)
  3 floating eyes
  A sky beast (D:7)
  10 swamp drakes
  25 orc warriors
  An ice beast (D:6)
  2 spriggan simulacra (Swamp:3)
  A black bear (shapeshifter) (D:14)
  2 black bears
  A necrophage (D:5)
  A wolf (shapeshifter) (Depths:2)
  3 ogres
  A boggart (D:14)
  5 centaurs
  18 wolves
  2 phantoms
  A lemure (D:7)
  7 kobold brigands
  2 wyvern zombies (D:5)
  9 bullfrogs
  5 scorpions
  5 gnoll sergeants (D:12)
  5 killer bees (D:11)
  8 howler monkeys
  An electric eel (Lair:2)
  3 wights
  A bullfrog skeleton (D:6)
  2 bullfrog zombies
  5 hounds
  4 jellies
  2 iguanas
  35 orc priests
  Jessica (D:2)
  A centaur skeleton (D:7)
  3 gnoll shamans
  20 orc wizards
  A scorpion zombie (D:4)
  29 gnolls
  3 howler monkey zombies
  2 howler monkey skeletons (D:7)
  An orc zombie (D:8)
  12 adders
  A white imp (D:6)
  An ufetubus (D:7)
  An adder skeleton (D:3)
  A worm (D:2)
  3 dart slugs
  89 orcs
  8 ball pythons
  6 endoplasms
  8 giant cockroaches
  28 goblins
  22 hobgoblins
  10 jackals
  4 quokkas
  14 bats
  5 frilled lizards
  25 kobolds
  6 rats
  A briar patch (Swamp:4)
1702 creatures vanquished.

Vanquished Creatures (collateral kills)
  Rupert (Orc:2)
  Asterion (Vaults:1)
  An entropy weaver (Vaults:2)
  An ice dragon (D:14)
  An ironbound convoker (Vaults:3)
5 creatures vanquished.

Vanquished Creatures (others)
  A rakshasa (Depths:1)
  A fenstrider witch simulacrum (Swamp:4)
  An unseen horror (D:13)
  A bunyip simulacrum (Swamp:4)
  3 bloated husks
  A spriggan simulacrum (Swamp:4)
  An orc priest (D:12)
  An orc wizard (D:12)
  A briar patch (Swamp:4)
  99 foxfires
  65 fungi
  75 plants
  2 starspawn tentacles (Swamp:1)
252 creatures vanquished.

Grand Total: 1959 creatures vanquished

Notes
Turn   | Place    | Note
-------+----------+-------------------------------------------
     0 | D:1      | GordonOverkill the Minotaur Cinder Acolyte began the quest
                  | for the Orb.
     0 | D:1      | Reached XP level 1. HP: 19/19 MP: 1/1
   644 | D:1      | Reached XP level 2. HP: 23/27 MP: 2/2
   928 | D:1      | Found Riem's Weapon Boutique.
  1320 | D:1      | Found a faded altar of an unknown god.
  1434 | D:2      | Reached XP level 3. HP: 25/34 MP: 3/3
  1658 | D:2      | Found Luibi's Antique Armour Shop.
  1932 | D:2      | Reached XP level 4. HP: 41/41 MP: 4/4
  1943 | D:2      | Reached skill level 5 in Fighting
  2089 | D:2      | Reached skill level 5 in Axes
  2376 | D:2      | Noticed Jessica
  2447 | D:2      | Killed Jessica
  2875 | D:2      | Reached XP level 5. HP: 48/48 MP: 5/5
  4833 | D:4      | Noticed an orc warrior
  4907 | D:4      | Found a shimmering altar of Xom.
  5066 | D:4      | Reached XP level 6. HP: 53/58 MP: 6/6
  5403 | D:4      | Noticed a hornet
  5410 | D:4      | Killed a hornet
  5411 | D:4      | Reached XP level 7. HP: 66/66 MP: 7/7
  6103 | D:5      | Entered Level 5 of the Dungeon
  6478 | D:5      | Reached XP level 8. HP: 75/75 MP: 8/8
  6845 | D:4      | Found a shimmering altar of Xom.
  7663 | D:5      | Found an iron altar of Okawaru.
  7664 | D:5      | Found a sacrificial altar of Ru.
  7664 | D:5      | Found a broken altar of Ashenzari.
  7665 | D:5      | Found an ornate altar of the Wu Jian Council.
  8633 | D:6      | Reached skill level 10 in Fighting
  8633 | D:6      | Reached skill level 10 in Axes
  8676 | D:6      | Reached skill level 1 in Throwing
  9112 | D:6      | Reached XP level 9. HP: 55/85 MP: 9/9
  9251 | D:6      | Found a basalt altar of Yredelemnul.
  9537 | D:7      | Found a staircase to the Ecumenical Temple.
  9614 | D:7      | Noticed Maggie
  9867 | D:7      | Killed Maggie
 10470 | D:7      | Noticed Pikel
 10482 | D:7      | Killed Pikel
 11101 | D:8      | Reached skill level 1 in Armour
 11471 | D:8      | Reached skill level 1 in Dodging
 11529 | D:8      | Found a transporter.
 11548 | D:8      | Reached skill level 1 in Evocations
 11639 | D:8      | Reached XP level 10. HP: 79/93 MP: 10/10
 12531 | D:8      | Found a transporter.
 13532 | D:9      | Noticed Prince Ribbit
 13667 | D:9      | Killed Prince Ribbit
 14129 | D:8      | Reached skill level 5 in Armour
 14359 | D:9      | Found a staircase to the Lair.
 14547 | D:9      | Reached skill level 15 in Axes
 14995 | D:9      | Found a burning altar of Makhleb.
 15040 | D:9      | Found a white marble altar of Elyvilon.
 15049 | D:9      | Found a glowing silver altar of Zin.
 15092 | D:10     | Entered Level 10 of the Dungeon
 15111 | D:10     | Found a flagged portal.
 15169 | Bailey   | Entered a bailey
 16526 | Bailey   | Reached XP level 11. HP: 89/99 MP: 11/11
 16624 | Bailey   | Noticed an orc warlord
 16625 | Bailey   | Noticed a dire elephant
 16625 | Bailey   | an orc warlord changed into a dire elephant
 16634 | Bailey   | Reached XP level 12. HP: 118/118 MP: 12/12
 16635 | Bailey   | Acquired 833 gold pieces
 16655 | Bailey   | Killed a dire elephant
 17005 | Bailey   | Reached skill level 5 in Dodging
 17566 | D:10     | Noticed Harold
 17583 | D:10     | Noticed a two-headed ogre
 17585 | D:10     | Killed Harold
 17598 | D:10     | Killed a two-headed ogre
 17866 | D:10     | Noticed a two-headed ogre
 18486 | D:10     | Noticed Joseph
 18496 | D:10     | Killed Joseph
 18560 | D:10     | Killed a two-headed ogre
 19024 | D:10     | Identified the +2 ring mail of Xiuh {rF+ Slay+2}
 19040 | D:10     | Reached skill level 10 in Armour
 19361 | D:9      | Reached skill level 1 in Shields
 19897 | D:11     | Reached skill level 2 in Shields
 20304 | D:11     | Noticed Snorg
 20318 | D:11     | Reached skill level 3 in Shields
 20328 | D:11     | Killed Snorg
 20329 | D:11     | Reached skill level 4 in Shields
 20532 | D:11     | Reached skill level 15 in Fighting
 20605 | D:11     | Reached skill level 5 in Shields
 20896 | D:11     | Noticed a two-headed ogre
 20910 | D:11     | Killed a two-headed ogre
 20911 | D:11     | Reached skill level 6 in Shields
 20967 | Lair:1   | Entered Level 1 of the Lair of Beasts
 21060 | Lair:1   | Reached skill level 7 in Shields
 21211 | Lair:1   | Reached XP level 13. HP: 118/126 MP: 13/13
 21292 | Lair:1   | Reached skill level 8 in Shields
 21405 | Lair:1   | Reached skill level 9 in Shields
 22176 | D:9      | Reached skill level 10 in Shields
 24090 | Lair:3   | Found a staircase to the Swamp.
 24632 | Lair:3   | Found a staircase to the Snake Pit.
 25065 | Lair:4   | Reached skill level 5 in Evocations
 28116 | Lair:5   | Found a viscous altar of Jiyva.
 28118 | Lair:5   | Found a staircase to the Slime Pits.
 28252 | Lair:5   | Reached XP level 14. HP: 104/135 MP: 10/14
 28817 | Lair:6   | Entered Level 6 of the Lair of Beasts
 30795 | Lair:5   | Found a viscous altar of Jiyva.
 30796 | Lair:5   | Found a staircase to the Slime Pits.
 32365 | Lair:6   | Reached skill level 10 in Evocations
 34067 | Lair:6   | Got Ruluv's Compendium of Stones
 34715 | D:11     | Reached skill level 11 in Shields
 34866 | D:12     | Found a staircase to the Orcish Mines.
 35014 | D:12     | Noticed Fannar
 35088 | D:12     | Killed Fannar
 36548 | D:13     | Reached XP level 15. HP: 58/143 MP: 5/15
 36822 | D:13     | Noticed Azrael
 36862 | D:13     | Killed Azrael
 39070 | D:14     | Identified the +8 mace of Beyond {chaos, rPois rF- Dex+6}
 39077 | D:13     | Reached skill level 12 in Shields
 40216 | D:14     | Found a gate to the Vaults.
 41023 | D:15     | Entered Level 15 of the Dungeon
 41111 | D:15     | Identified the +6 great sword "Death Rattle" {protect,
                  | +Blink Will- Dex+3}
 41400 | D:15     | Found a large runed translucent door.
 41400 | D:15     | Found a large runed translucent door.
 41401 | D:15     | Noticed Sunluic's ghost (journeyman DgFi)
 41647 | D:15     | Found a frozen archway.
 41972 | D:15     | Found a stormy altar of Qazlal.
 42329 | D:15     | Found a staircase to the Depths.
 42472 | D:15     | Killed Sunluic's ghost
 42479 | D:15     | Identified the +7 spear of Wealth {drain, rN+}
 42628 | D:15     | Reached skill level 13 in Shields
 42826 | Orc:1    | Entered Level 1 of the Orcish Mines
 42828 | Orc:1    | Paralysed by an orc sorcerer for 2 turns
 43404 | Orc:2    | Entered Level 2 of the Orcish Mines
 43481 | Orc:2    | Found Polipt's Antique Armour Shoppe.
 43975 | Orc:2    | Found Baiwuy's Distillery.
 43975 | Orc:2    | Found Diasen's Assorted Antiques.
 44078 | Orc:2    | Noticed Rupert
 44084 | Orc:2    | Killed Rupert
 44090 | Orc:2    | Bought a potion of curing for 90 gold pieces
 44090 | Orc:2    | Bought a smoky inky potion for 27 gold pieces
 44334 | Orc:2    | Bought a potion of heal wounds for 55 gold pieces
 44334 | Orc:2    | Bought 2 potions of heal wounds for 110 gold pieces
 44334 | Orc:2    | Bought a potion of might for 44 gold pieces
 44334 | Orc:2    | Bought a potion of curing for 33 gold pieces
 44334 | Orc:2    | Bought a potion of might for 44 gold pieces
 44374 | Orc:2    | Found Caomaun's Firing Range.
 44405 | Orc:2    | Found Tiusiol's Jewellery Shop.
 44408 | Orc:2    | Found a staircase to the Elven Halls.
 44413 | Orc:2    | Bought the amulet "Tolag" {Reflect rC++ SH+5} for 708 gold
                  | pieces
 44629 | Orc:2    | Found Daluxog's Weapon Shop.
 44637 | Orc:2    | Found Sagruf's General Store.
 45056 | Orc:2    | Bought a potion of curing for 30 gold pieces
 45056 | Orc:2    | Bought a scroll of silence for 75 gold pieces
 45129 | Orc:2    | Noticed Erolcha
 45139 | Orc:2    | Killed Erolcha
 45463 | Snake:1  | Entered Level 1 of the Snake Pit
 45892 | Snake:1  | Reached XP level 16. HP: 144/156 MP: 16/16
 45947 | Snake:1  | Found Qingoek's General Store.
 45947 | Snake:1  | Found Zuadoe's Magic Scroll Shop.
 46053 | Snake:1  | Reached skill level 14 in Shields
 46187 | Snake:1  | Found Lynitog's Jewellery Shop.
 46188 | Snake:1  | Found Bammus's General Store.
 46205 | Snake:1  | Bought a scroll of acquirement for 884 gold pieces
 46205 | Snake:1  | Bought a scroll of enchant armour for 127 gold pieces
 46205 | Snake:1  | Bought a scroll of enchant weapon for 127 gold pieces
 46205 | Snake:1  | Bought a scroll of blinking for 127 gold pieces
 46205 | Snake:1  | Bought a scroll of teleportation for 51 gold pieces
 46214 | Snake:1  | Bought a +2 plate armour of willpower for 640 gold pieces
 46215 | Snake:1  | Acquired the ring "Hoafeny" {rElec rF+ Int+6}
 46723 | Snake:1  | Identified the ring "Pinguly" {rPois Str+2}
 48331 | Snake:2  | Reached skill level 15 in Shields
 49536 | Snake:2  | Got the Tome of Harmful Weightlessness
 51166 | Snake:2  | Reached skill level 15 in Evocations
 51339 | Snake:3  | Noticed Aizul
 51629 | Snake:2  | Killed Aizul
 52464 | Snake:3  | Found a shimmering altar of Xom.
 52558 | Snake:3  | Reached XP level 17. HP: 163/163 MP: 17/17
 53885 | Snake:4  | Entered Level 4 of the Snake Pit
 55821 | Snake:4  | Reached skill level 16 in Shields
 57341 | Snake:4  | Got a serpentine rune of Zot
 57575 | Swamp:1  | Entered Level 1 of the Swamp
 57575 | Swamp:1  | Noticed Mlioglotl
 57600 | Swamp:1  | Killed Mlioglotl
 59014 | Swamp:2  | Reached skill level 17 in Shields
 59253 | Swamp:2  | Reached skill level 10 in Dodging
 59293 | Swamp:2  | Found the +8 frozen axe "Frostbite" {freezing cloud, *Noise
                  | Fly rC+}
 60119 | Swamp:3  | Reached XP level 18. HP: 100/172 MP: 18/18
 61272 | Swamp:3  | Found a runed translucent gate.
 61273 | Swamp:3  | Found a runed translucent gate.
 61274 | Swamp:3  | Found a runed translucent gate.
 61275 | Swamp:3  | Noticed HessuHobo's ghost (adept GrFi)
 61451 | Swamp:3  | Killed HessuHobo's ghost
 61771 | Swamp:4  | Entered Level 4 of the Swamp
 61775 | Swamp:4  | Reached skill level 18 in Shields
 61996 | Swamp:4  | Found a transporter.
 61999 | Swamp:4  | Noticed wpisznazwe's ghost (adept TrGl)
 62000 | Swamp:4  | Found a transporter.
 62929 | Swamp:4  | Reached skill level 15 in Armour
 62944 | Swamp:4  | Paralysed by a fenstrider witch for 4 turns
 63423 | Swamp:4  | Got a decaying rune of Zot
 63933 | Swamp:4  | Reached skill level 19 in Shields
 63986 | Swamp:4  | Killed wpisznazwe's ghost
 64584 | Vaults:1 | Entered Level 1 of the Vaults
 64680 | D:14     | Acquired a +3 broad axe of electrocution
 64801 | Vaults:1 | Noticed Asterion
 64818 | Vaults:1 | Killed Asterion
 65512 | Vaults:1 | Reached skill level 20 in Shields
 65987 | Vaults:1 | Noticed Nikola
 66025 | Vaults:1 | Killed Nikola
 66487 | Vaults:2 | Found Cicraiga's Armour Emporium.
 66498 | Vaults:2 | Bought a +2 pair of gloves for 280 gold pieces
 66545 | Vaults:2 | Found a huge runed gate.
 66545 | Vaults:2 | Found a huge runed gate.
 66545 | Vaults:2 | Found a huge runed gate.
 66545 | Vaults:2 | Found a huge runed gate.
 66545 | Vaults:2 | Found a huge runed gate.
 66545 | Vaults:2 | Found a huge runed gate.
 66545 | Vaults:2 | Found a huge runed gate.
 66547 | Vaults:2 | Found a huge runed gate.
 66547 | Vaults:2 | Found a huge runed gate.
 66547 | Vaults:2 | Found a huge runed gate.
 66548 | Vaults:2 | Found a huge runed gate.
 66549 | Vaults:2 | Found a huge runed gate.
 66550 | Vaults:2 | Found a huge runed gate.
 66551 | Vaults:2 | Found a huge runed gate.
 66552 | Vaults:2 | Found a huge runed gate.
 66553 | Vaults:2 | Found a huge runed gate.
 66561 | Vaults:2 | Found a huge runed gate.
 66561 | Vaults:2 | Found a huge runed gate.
 66561 | Vaults:2 | Found a huge runed gate.
 66561 | Vaults:2 | Found a huge runed gate.
 66561 | Vaults:2 | Found a huge runed gate.
 66561 | Vaults:2 | Found a huge runed gate.
 66562 | Vaults:2 | Found a huge runed gate.
 66563 | Vaults:2 | Found a huge runed gate.
 66564 | Vaults:2 | Found a huge runed gate.
 66581 | Vaults:2 | Found a huge runed gate.
 66581 | Vaults:2 | Found a huge runed gate.
 66581 | Vaults:2 | Found a huge runed gate.
 66581 | Vaults:2 | Found a huge runed gate.
 66581 | Vaults:2 | Found a huge runed gate.
 67294 | Vaults:2 | Found a huge runed gate.
 67295 | Vaults:2 | Found a huge runed gate.
 67296 | Vaults:2 | Found a huge runed gate.
 67297 | Vaults:2 | Found a huge runed gate.
 67299 | Vaults:2 | Noticed Frederick
 67312 | Vaults:2 | Reached XP level 19. HP: 170/181 MP: 19/19
 67315 | Vaults:2 | Killed Frederick
 67635 | Vaults:2 | Found a huge runed gate.
 67635 | Vaults:2 | Found a huge runed gate.
 67814 | Vaults:2 | Found Reacac's Antique Weapon Boutique.
 68428 | Vaults:2 | Found Ibu Orih's Antique Weapon Shoppe.
 68429 | Vaults:2 | Found Coabb's Weapon Emporium.
 68549 | Vaults:2 | Noticed a hellephant
 70236 | Vaults:2 | Identified the +2 helmet of Gozag's Inspiration {rElec rC-
                  | Int+3}
 70451 | Vaults:2 | Found Reacac's Antique Weapon Boutique.
 70684 | Vaults:2 | Found Cicraiga's Armour Emporium.
 70706 | Vaults:2 | Found Ibu Orih's Antique Weapon Shoppe.
 70710 | Vaults:2 | Found Coabb's Weapon Emporium.
 70917 | Vaults:2 | Killed a hellephant
 72791 | Vaults:3 | Noticed Jory
 74209 | Vaults:3 | You fall into a shaft and drop 1 floor!
 74581 | Vaults:3 | Paralysed by a sphinx for 6 turns
 74663 | Vaults:3 | Found a staircase to the Crypt.
 74752 | Vaults:3 | Reached XP level 20. HP: 190/193 MP: 20/20
 74762 | Vaults:3 | Killed Jory
 75646 | Vaults:4 | Found Vubout's Assorted Antiques.
 75808 | Vaults:4 | Bought a scroll of enchant armour for 172 gold pieces
 75808 | Vaults:4 | Bought a potion of mutation for 184 gold pieces
 75808 | Vaults:4 | Bought a potion of heal wounds for 115 gold pieces
 75808 | Vaults:4 | Bought 2 potions of might for 184 gold pieces
 75808 | Vaults:4 | Bought a scroll of silence for 172 gold pieces
 77101 | Vaults:5 | Entered Level 5 of the Vaults
 77337 | Vaults:5 | Noticed a golden dragon
 77363 | Vaults:5 | Killed a golden dragon
 77652 | Vaults:5 | Noticed a dread lich
 77684 | Vaults:5 | Gained mutation: Your magical capacity is low. (-10% MP) [a
                  | shining eye]
 77691 | Vaults:5 | Noticed a golden dragon
 77691 | Vaults:5 | Found the +3 Elemental Staff {rElec rF++ rC++ AC+5}
 78538 | Depths:1 | Entered Level 1 of the Depths
 79290 | Depths:1 | Found a bloodstained altar of Trog.
 79701 | Depths:1 | Found a gateway to Hell.
 80564 | Depths:1 | Reached skill level 21 in Shields
 82685 | Depths:1 | Found a bloodstained altar of Trog.
 83491 | Depths:2 | Reached XP level 21. HP: 201/201 MP: 19/19
 83606 | Depths:2 | Reached skill level 22 in Shields
 83622 | Depths:2 | Found a one-way gate leading to the halls of Pandemonium.
 84552 | Depths:2 | Noticed a caustic shrike
 84552 | Depths:2 | a shadow dragon changed into a caustic shrike
 84555 | Depths:2 | a caustic shrike changed into an iron giant
 85490 | Depths:2 | Reached skill level 23 in Shields
 85847 | Depths:2 | Identified the +4 halberd "Xoeriek" {elec, rPois Str+5}
 85882 | Depths:2 | Noticed Mara
 85886 | Depths:2 | Noticed GordonOverkill's illusion
 85914 | Depths:2 | Killed Mara
 86288 | Depths:2 | Noticed a golden dragon
 86306 | Depths:2 | Killed a golden dragon
 86660 | Depths:2 | Got the Volume of Conjuration
 86846 | Depths:2 | Reached skill level 24 in Shields
 86986 | Depths:2 | Got the Handbook of Hexes and Calling
 87238 | Depths:3 | Found a one-way gate to the infinite horrors of the Abyss.
 87641 | Depths:3 | Found a glowing silver altar of Zin.
 87882 | Depths:3 | Reached skill level 25 in Shields
 88406 | Depths:3 | Noticed a golden dragon
 88427 | Depths:3 | Killed a golden dragon
 88891 | Depths:3 | Noticed a juggernaut
 89407 | Depths:3 | Reached XP level 22. HP: 150/211 MP: 20/20
 89631 | Depths:3 | Killed a juggernaut
 89842 | Depths:3 | Noticed a juggernaut
 90126 | Depths:4 | Entered Level 4 of the Depths
 90156 | Depths:4 | Killed a juggernaut
 90544 | Depths:4 | Noticed a golden dragon
 90552 | Depths:4 | Killed a golden dragon
 91361 | Depths:4 | Noticed a golden dragon
 91373 | Depths:4 | Killed a golden dragon
 92067 | Depths:4 | Found a one-way gateway to a ziggurat.
 92069 | Depths:4 | Identified the +2 mace of Qeddaich {freeze, *Rage Int+2
                  | SInv}
 92352 | Depths:4 | Found a gate to the Realm of Zot.
 93036 | Slime:1  | Entered Level 1 of the Pits of Slime
 93666 | Slime:3  | Gained mutation: Your magical capacity is very low. (-20%
                  | MP) [a shining eye]
 94089 | Slime:5  | Entered Level 5 of the Pits of Slime
 94101 | Slime:5  | Noticed Dissolution
 94106 | Slime:5  | Gained mutation: You are occasionally teleported next to
                  | monsters. [a shining eye]
 94107 | Slime:5  | Gained mutation: You are dopey. (Int -2) [a shining eye]
 94122 | Slime:4  | Killed Dissolution
 94200 | Slime:4  | Paralysed by a floating eye for 4 turns
 94214 | Slime:4  | Paralysed by a floating eye for 2 turns
 94228 | Slime:4  | Splashed with acid

Illustrated notes

Levels and vault maps discovered:
D:1:      amcnicky_arrival_blooded_trapdoor, layout_loops_ring, serial_shops,
          nicolae_shop_crystal, hellmonk_ecumenical_altar_defaced_shrine
D:2:      layout_basic, serial_shops, shop, minmay_cupped, uniq_jessica
D:3:      layout_loops_ring
D:4:      layout_basic, mainiacjoe_overflow_alcove_4,
          nicolae_figureground_sparkle
D:5:      layout_cave_pods, chequers_temple_overflow_statue_of_worship,
          serial_column_ruins, column_ruins_corridor_T, column_ruins_open_small,
          column_ruins_columns_straight, column_ruins_columns_dead_end,
          column_ruins_corridor_dead_end, hex_large, grunt_ministairs_2,
          minmay_strange_pillars
D:6:      layout_rooms, mainiacjoe_overflow_six_doors_small
D:7:      layout_basic, minmay_temple_entry_proselytizer, uniq_pikel,
          uniq_maggie
D:8:      gammafunk_cloud_chamber, layout_layer_cave, special_room
          [special_room_orc], hangedman_decor_lopped
D:9:      layout_rooms, lemuel_doored_altar, mainiacjoe_overflow_swirl,
          dpeg_oklobed_lair, hangedman_fish_farm, uniq_prince_ribbit1
D:10:     minmay_wavy_crystal, layout_irregular_city, enter_bailey_3,
          st_stairs_13, uniq_joseph, uniq_harold
D:11:     layout_basic, uniq_snorg
D:12:     layout_loops_ring, kennysheep_orc_monster_closet_entryway, uniq_fannar
D:13:     layout_loops_ring, david_greed, uniq_azrael
D:14:     minmay_blocking_statues, layout_grid_maze,
          grunt_vaults_entry_fortified
D:15:     grunt_enter_depths_hoard, layout_rooms, ebering_ghost_disaster_area,
          minivault_24, portal_ice_cave_entry_ice_statue_one,
          nicolae_qazlal_style_of_elements
Lair:1:   layout_regular_city, beast_lair_carwin_4, grunt_megastairs_4,
          infiniplex_staircase_pool_2
Lair:2:   layout_loops_ring, serial_bayou_shore_a
Lair:3:   layout_hall_layers, minmay_swamp_entry_reptiles,
          guppyfry_snake_entry_island
Lair:4:   layout_layer_cave
Lair:5:   layout_loops_ring, slime_altar_1
Lair:6:   evilmike_catoblepas_cave, layout_cave_pods, serial_bayou_shore_b
Swamp:1:  layout_basic_swamp, nicolae_swamp_very_dense_foliage, uniq_mlioglotl
Swamp:2:  layout_basic_swamp, infiniplex_staircase_pool,
          nicolae_swamp_snake_nest
Swamp:3:  layout_falls_marsh, gammafunk_ghost_necromancy,
          evilmike_swamp_ruin_house_4, swamp_pool1
Swamp:4:  swamp, layout_basic_swamp, gammafunk_ghost_mausoleum
Snake:1:  layout_basic, minmay_shoptagon
Snake:2:  layout_honeycomb, beargit_elvish_explorers, grunt_megastairs_5
Snake:3:  layout_rooms, basic_altar, grunt_megastairs_1, uniq_aizul
Snake:4:  snake_pit_salamanders_mu, layout_chambers, grunt_megastairs_3,
          serial_bayou_shore_b
Slime:1:  layout_caves, cheibrodos_slime_lost_civilization_7
Slime:2:  layout_caves, nicolae_slime_barrier
Slime:3:  layout_caves
Slime:4:  cheibrodos_slime_lost_civilization_2, layout_caves
Slime:5:  uniq_dissolution
Orc:1:    layout_caves, roderic_batcave
Orc:2:    st_orc_town, layout_caves, serial_shops, nicolae_shop_trees,
          shop_fountains, nicolae_shop_firing_range, uniq_rupert, uniq_erolcha
Vaults:1: nicolae_vaults_little_squares_6, v_pattern_1, v_alt_pattern_2,
          ontoclasm_vaults_decontamination, ontoclasm_vaults_eye,
          vaults_room_octagon, layout_vaults_omnigrid, uniq_nikola,
          uniq_asterion
Vaults:2: not_door_vault_due, v_pattern_2, v_misc_10,
          nicolae_vaults_circle_grid_b, vaults_room_corners, v_rooms_2,
          dpeg_vaults_monster_box, hangedman_vaults_maws, vaults_room_pools,
          nicolae_vaults_little_squares_4, vaults_room_pool,
          layout_vaults_maze_snakey, serial_shops,
          nicolae_shop_temple_entry_statues_fountains, shop,
          nicolae_shop_competitors_out_of_business, shop, uniq_margery,
          uniq_frederick
Vaults:3: portal_desolation_entry_garden, v_misc_11, v_rooms_6,
          nicolae_vaults_an_arrangement, hangedman_vaults_pinch, v_misc_8,
          minmay_crypt_entry_simple_plaza, vaults_mumra_lcd,
          hangedman_vaults_restitches, layout_vaults_omnicross, uniq_jory
Vaults:4: v_misc_19, v_alt_pattern_6, v_misc_11, v_misc_16,
          nicolae_vaults_little_squares_5, vaults_room_fancy_cross,
          vaults_room_corners, layout_vaults_chaotic_city, serial_shops,
          shop_statue
Vaults:5
Depths:1: layout_basic, bloody_trog, hell_entry, minmay_librarian,
          serial_bayou_shore_b
Depths:2: minmay_the_grid_square_5x5_5x5
          [minmay_the_grid_square_5x5_three_walls,
          minmay_the_grid_square_5x5_inverted_slash,
          minmay_the_grid_square_5x5_n_small,
          minmay_the_grid_square_5x5_trominoes,
          minmay_the_grid_square_5x5_six_small,
          minmay_the_grid_square_5x5_almost_minimal,
          minmay_the_grid_square_5x5_prize_itemx,
          minmay_the_grid_square_5x5_bracketed,
          minmay_the_grid_square_5x5_prize_open,
          minmay_the_grid_square_5x5_forky, minmay_the_grid_square_5x5_comb,
          minmay_the_grid_square_5x5_doubleslash,
          minmay_the_grid_square_5x5_prize_pseudospiral,
          minmay_the_grid_square_5x5_shrine2, minmay_the_grid_square_5x5_slash,
          minmay_the_grid_square_5x5_minivault,
          minmay_the_grid_square_5x5_prize_waves,
          minmay_the_grid_square_5x5_sharp_hourglass,
          minmay_the_grid_square_5x5_prize_junk,
          minmay_the_grid_square_5x5_pentomino_r,
          minmay_the_grid_square_5x5_two, minmay_the_grid_square_5x5_two_small,
          minmay_the_grid_square_5x5_bridge,
          minmay_the_grid_square_5x5_eight_small,
          minmay_the_grid_square_5x5_six], layout_basic, rand_demon_pan_entry_5,
          grunt_mini_vestibule, minmay_misc_feat_tiny, uniq_mara
Depths:3: kennysheep_windowed_halls, layout_cross, abyss_entry, hell_entry,
          hangedman_decor_diamond_cutter, zin_treasury, minmay_staircase_bubble,
          kennysheep_random_hallway, serial_bayou_shore_b
Depths:4: evilmike_zot_entry_round, layout_long_grid, enter_ziggurat_a,
          hangedman_geh_valley, bh_walls_and_bars

Skill      XL: |  1  2  3  4  5  6  7  8  9 10 11 12 13 14 15 16 17 18 19 20 21 22 |
---------------+-------------------------------------------------------------------+-----
Fighting       | 4 5 6 7 8 10 14 15 17 18 20 22 | 22.5
Axes           | 4 5 6 7 8 10 14 15 16 17 18 | 18.0
Throwing       | 2 |  2.0
Armour         | 1 6 10 13 15 | 15.0
Dodging        | 1 4 6 10 | 10.0
Evocations     | 1 2 6 10 12 15 18 20 21 | 21.5
Shields        | 7 10 11 13 15 17 20 21 25 | 25.0
Spellcasting   | |  1.0
Fire Magic     | |  2.1

Action                   |  1- 3 |  4- 6 |  7- 9 | 10-12 | 13-15 | 16-18 | 19-21 | 22-24 || total
-------------------------+-------+-------+-------+-------+-------+-------+-------+-------++-------
Melee: Hand axe          |   100 |   202 |   376 |   669 |  1295 |       |       |       ||  2642
       Headbutt          |     9 |    20 |    53 |   118 |   432 |   411 |   509 |   175 ||  1727
       Broad axe         |       |       |       |       |   501 |  1834 |  1851 |   549 ||  4735
       War axe           |       |       |       |       |       |    67 |       |       ||    67
Throw: Dart              |       |       |    21 |     7 |     4 |     2 |     2 |       ||    36
       Throwing net      |       |       |       |    16 |     1 |       |       |       ||    17
       Boomerang         |       |       |       |       |       |       |     6 |       ||     6
Invok: Fiery Armour      |     1 |       |     3 |       |       |       |       |       ||     4
       Foxfire Swarm     |       |     2 |     2 |     2 |       |       |       |       ||     6
Evoke: Wand              |       |       |       |    16 |    44 |    13 |    10 |     4 ||    87
       Condenser vane    |       |       |       |     1 |     3 |     3 |     3 |       ||    10
       Phantom mirror    |       |       |       |       |     3 |     1 |     4 |     1 ||     9
       Lightning rod     |       |       |       |       |     6 |       |       |       ||     6
  Use: Scroll            |       |       |    13 |     8 |    10 |     7 |    20 |     6 ||    64
       Potion            |       |       |       |     6 |     9 |     9 |    17 |     1 ||    42
 Stab: Invisible         |       |       |       |     3 |       |       |       |       ||     3
       Held in net/web   |       |       |       |     6 |       |       |       |       ||     6
       Petrified         |       |       |       |       |    12 |       |       |       ||    12
       Petrifying        |       |       |       |       |     1 |       |       |       ||     1
       Paralysed         |       |       |       |       |     4 |       |       |     1 ||     5
       Distracted        |       |       |       |       |     1 |       |     2 |     1 ||     4
Armor: Robe              |    17 |       |       |       |       |       |       |       ||    17
       Leather armour    |    21 |       |       |       |       |       |       |       ||    21
       Chain mail        |       |   111 |     2 |       |    27 |       |       |       ||   140
       Plate armour      |       |       |   209 |   223 |   524 |   403 |   463 |    73 ||  1895
       Skin              |       |       |     1 |       |       |       |       |       ||     1
       Gold dragon scale |       |       |       |       |       |       |       |    56 ||    56
Dodge: Dodged            |    59 |    59 |    87 |   127 |   454 |   429 |   462 |    60 ||  1737
Block: Tower shield      |       |       |       |   115 |  1304 |  2154 |  2147 |   434 ||  6154
       Reflection        |       |       |       |       |     6 |   170 |   112 |    15 ||   303

Table legend: (Time is in decaauts)
 A = Elapsed time spent in this place.
 B = Non-inter-level travel time spent in this place.
 C = Inter-level travel time spent in this place.
 D = Time resting spent in this place.
 E = Time spent auto-exploring this place.
 F = Levels seen in this place.
 G = Mean time per level.
                   A        B        C        D        E       F      G
               +--------+--------+--------+--------+--------+-----+--------+
         Total |  93693 |  90234 |   3459 |  43019 |  30718 |  46 | 2036.8 |
       Dungeon |  28057 |  26611 |   1446 |  11607 |  10170 |  15 | 1870.5 |
          Lair |  13470 |  12966 |    504 |   5011 |   5932 |   6 | 2245.0 |
         Swamp |   6807 |   6532 |    275 |   3082 |   2098 |   4 | 1701.8 |
     Snake Pit |  11818 |  11471 |    347 |   6531 |   2945 |   4 | 2954.5 |
    Slime Pits |   1148 |   1148 |      0 |    788 |      0 |   5 |  229.6 |
  Orcish Mines |   2516 |   2439 |     77 |   1036 |    960 |   2 | 1258.0 |
        Vaults |  13614 |  13272 |    342 |   6748 |   4597 |   5 | 2722.8 |
        Depths |  14029 |  13565 |    464 |   6997 |   3728 |   4 | 3507.2 |
        Bailey |   2231 |   2231 |      0 |   1217 |    287 |   1 | 2231.0 |
               +--------+--------+--------+--------+--------+-----+--------+

Top non-repeatable levels by time:
Depths:1: 6590 daAuts
 Snake:2: 4973 daAuts
Vaults:2: 4241 daAuts
  Lair:6: 3890 daAuts
Vaults:1: 3462 daAuts
     D:8: 3427 daAuts
Vaults:3: 3133 daAuts
 Snake:4: 2990 daAuts
  Lair:4: 2951 daAuts
    D:13: 2732 daAuts
Depths:2: 2686 daAuts
  Lair:5: 2548 daAuts
    D:14: 2531 daAuts
Depths:4: 2387 daAuts
Depths:3: 2364 daAuts
